 Dungeon Crawl Stone Soup version 0.30.0 (webtiles) character file.

Game seed: 518300838671037701

1 Esekla the Conjurer (level 1, 14/14 HPs)
             Began as a Draconian Wanderer on May 6, 2023.
             Got out of the dungeon alive.
             The game lasted 00:01:26 (62 turns).

Esekla the Conjurer (Draconian Wanderer)              Turns: 62, Time: 00:01:27

Health: 14/14      AC:  4    Str: 13    XL:     1   Next: 16%
Magic:  2/2        EV: 12    Int: 13    God:
Gold:   8          SH:  0    Dex: 16    Spells: 2/2 levels left

rFire   . . .        a - +0 club
rCold   . . .        (no shield)
rNeg    . . .        (body armour unavailable)
rPois   .            b - +0 hat
rElec   .            (no cloak)
rCorr   .            (no gloves)
SInv    .            (no boots)
Will    .....        (no amulet)
Stlth   +            e - +6 ring of dexterity
HPRegen 0.22/turn    (no ring)
MPRegen 0.08/turn

%: no passive effects
@: no status effects
A: AC +4, unfitting armour, cold-blooded
a: no special abilities


You escaped.
You visited 1 branch of the dungeon, and saw 1 of its levels.

You collected 8 gold pieces.

Inventory:

Hand Weapons
 a - a +0 club (weapon)
Armour
 b - a +0 hat (worn)
Jewellery
 e - a +6 ring of dexterity (left hand)
Wands
 d - a wand of mindburst (14) (quivered)
Scrolls
 c - a scroll of fog


   Skills:
 + Level 1.7 Dodging
 * Level 1.0 Spellcasting
 + Level 4.0 Conjurations
 + Level 3.0 Evocations


You had 2 spell levels left.
You didn't know any spells.
Your spell library contained the following spells:

 Spells                   Type           Power      Damage    Failure   Level
 Searing Ray              Conj           22%        2d5       9%          2
 Static Discharge         Conj/Air       10%        2-3/arc   19%         2


Dungeon Overview and Level Annotations

Branches:
Dungeon (1/15)

Altars:


Innate Abilities, Weirdness & Mutations

Your plain brown scales are hard. (AC +4)
You cannot fit into any form of body armour.
You are cold-blooded and may be slowed by cold attacks.


Message History

Welcome, Esekla the Draconian Wanderer.
It's a long way down to the Orb of Zot, but that shouldn't be any trouble.
Press ? for a list of commands and other information.
Found a large cabochon ring.
Found a staircase leading out of the dungeon.
You begin with the following items: a +0 club, a +0 hat, a scroll of fog, a wand of mindburst (14); and the following spells available to memorise: Searing Ray, Static Discharge.
Found 8 gold pieces.
e - a +6 ring of dexterity You feel agile.
e - a +6 ring of dexterity (left hand)
You now have 8 gold pieces.
A giant cockroach comes into view.
The giant cockroach closely misses you.
Okay, then.
You don't know any spells.
You don't know any spells.
Okay, then.
You hit the giant cockroach but do no damage.
The giant cockroach misses you.
You hit the giant cockroach but do no damage.
You tail-slap the giant cockroach.
The giant cockroach is severely wounded.
The giant cockroach bites you but does no damage.
The giant cockroach closely misses you.
You hit the giant cockroach but do no damage.
The giant cockroach is severely wounded.
The giant cockroach bites you but does no damage.
You hit the giant cockroach but do no damage.
You tail-slap the giant cockroach, but do no damage.
The giant cockroach is severely wounded.
The giant cockroach barely misses you. The giant cockroach closely misses you.
You hit the giant cockroach.
You kill the giant cockroach!
You see here a giant cockroach corpse.
There is a staircase leading out of the dungeon here.
Unknown command.
Okay, then.
Are you sure you want to leave the Dungeon?
This will make you lose the game!
You have escaped!

#.# ##.#######.###
..........†..#
##.###..##.#.#
#....8############
#................#
#.###....8##...#####.#
#........##....^# #.#
#.###..#####.@.## #.#
#..####.....# #.#
.#.#....8##...#####.#
.....................#
#.#.#.#..8############
..##.####.# #.# #. .#
#. #. .. # .. #..


There were no monsters in sight!

Vanquished Creatures
  A giant cockroach (D:1)
1 creature vanquished.

Notes
Turn   | Place    | Note
-------+----------+-------------------------------------------
     0 | D:1      | Esekla the Draconian Wanderer began the quest for the Orb.
     0 | D:1      | Esekla set off with the following items: a +0 club, a +0
                  | hat, a scroll of fog, a wand of mindburst (14); and the
                  | following spells available to memorise: Searing Ray, Static
                  | Discharge.
     0 | D:1      | Reached XP level 1. HP: 14/14 MP: 2/2
    62 | D:$      | Got out of the dungeon alive.

Illustrated notes

Levels and vault maps discovered:
D:1:      psy_arrival_basics, layout_loops_ring, serial_shops,
          nicolae_shop_statue_plus, hellmonk_ecumenical_altar_watching_god,
          hangedman_decor_points, kennysheep_another_room

Action                     || total
---------------------------++-------
  Melee: Club              ||     5
         Tailslap          ||     2
 Armour: Skin              ||     2
  Dodge: Dodged            ||     5
